 Dungeon Crawl Stone Soup version 0.18-a0-1805-g8ab820f (webtiles) character file.

60 Zhenya25pyc the Shield-Bearer (level 4, -2/29 HPs)
             Began as a Gargoyle Fighter on Apr 25, 2016.
             Killed by nerve-wracking pain
             ... invoked by Grinder
              (15 damage)
             ... while paralysed by Grinder
             ... on level 3 of the Dungeon.
             The game lasted 00:01:58 (1574 turns).

Zhenya25pyc the Shield-Bearer (Gargoyle Fighter)    Turns: 1574, Time: 00:02:00

Health: -2/29      AC: 11    Str: 20    XL:     4   Next: 4%
Magic:  4/4        EV:  2    Int:  9    God:
Gold:   123        SH:  0    Dex:  9    Spells: 0 memorised, 3 levels left

rFire  . . .     SeeInvis .     a - +0 flail
rCold  . . .     Gourm    .     b - +0 scale mail
rNeg   + . .     Faith    .     c - +0 shield
rPois  ∞         Spirit   .     (no helmet)
rElec  +         Dismiss  .     v - +0 cloak
rCorr  .         Reflect  .     (no gloves)
SustAt .         Harm     +     (no boots)
MR     .....                    n - amulet of harm
Stlth  ..........               (no ring)
                                (no ring)

@: paralysed, not resistant to hostile enchantments, extremely unstealthy
A: negative energy resistance 1, electricity resistance, unbreathing,
petrification resistance, rot immunity, AC +3
a: no special abilities


You were on level 3 of the Dungeon.
You were not hungry.

You visited 1 branch of the dungeon, and saw 3 of its levels.

You collected 123 gold pieces.

Inventory:

Hand Weapons
 a - a +0 flail (weapon)
Armour
 b - a +0 scale mail (worn)
 c - a +0 shield (worn)
 v - a +0 cloak (worn)
Jewellery
 n - an amulet of harm (around neck)
Scrolls
 g - a scroll of immolation {unknown}
 i - 2 scrolls of remove curse {unknown}
 j - 2 scrolls of identify {unknown}
 l - a scroll of random uselessness {unknown}
 m - a scroll of magic mapping {unknown}
 p - 2 scrolls of recharging {unknown}
 q - a scroll of noise {unknown}
 r - 2 scrolls of enchant weapon {unknown}
 t - 3 scrolls of enchant armour {unknown}
Potions
 d - a potion of might
 e - 4 potions of curing {unknown}
 h - 2 potions of mutation {unknown}
 k - a potion of brilliance {unknown}
 o - a potion of flight {unknown}
 u - a potion of ambrosia {unknown}
 w - 2 potions of agility {unknown}
Comestibles
 f - a bread ration
 s - a meat ration


   Skills:
 + Level 3.7 Fighting
 * Level 3.0 Maces & Flails
 + Level 3.7 Armour
 + Level 3.8 Shields


You had 3 spell levels left.
You didn't know any spells.

Dungeon Overview and Level Annotations

Branches:
Dungeon (3/15)

Altars:
Ashenzari
Trog

Annotations:
D:3 Grinder


Innate Abilities, Weirdness & Mutations

You are resistant to torment.
Your stone body is resilient (AC +3).
You are immune to poison.
You resist negative energy.
You are resistant to electric shocks.
You can survive without breathing.
You are immune to petrification.
You are immune to rotting.


Message History

Grinder is moderately wounded.
Grinder hits you but does no damage.
You hit Grinder but do no damage.
Grinder is moderately wounded.
Grinder gestures at you. Pain shoots through your body!
You sock Grinder!
Grinder is heavily wounded.
Grinder hits you but does no damage. x2
You barely miss Grinder.
Grinder is heavily wounded.
Grinder gestures at you.
You suddenly lose the ability to move!
Grinder gestures at you.
You barely resist. Grinder hits you! Grinder gestures at you.
Pain shoots through your body!
Ouch! That really hurt!
You die...

#.#
#.#
#.#
#.#
#.#
#.#
#.#
#@#
#5#
###


You could see Grinder.

Vanquished Creatures
  2 adders (D:2)
  2 oozes
  A dart slug (D:1)
  A giant gecko (D:1)
  A giant cockroach (D:1)
  4 hobgoblins (D:1)
  3 jackals (D:1)
  4 kobolds (D:2)
  4 bats
  3 giant newts
  3 goblins (D:2)
  4 rats
32 creatures vanquished.

Notes
Turn   | Place    | Note
--------------------------------------------------------------
     0 | D:1      | Zhenya25pyc the Gargoyle Fighter began the quest for the Orb.
     0 | D:1      | Reached XP level 1. HP: 14/14 MP: 1/1
    35 | D:1      | Reached XP level 2. HP: 8/19 MP: 2/2
   612 | D:1      | Reached XP level 3. HP: 23/23 MP: 3/3
  1073 | D:2      | Found a bloodstained altar of Trog.
  1509 | D:2      | Found a shattered altar of Ashenzari.
  1547 | D:2      | Reached XP level 4. HP: 29/29 MP: 4/4
  1564 | D:3      | Noticed Grinder
  1571 | D:3      | Paralysed by Grinder for 5 turns
  1574 | D:3      | Killed from afar by Grinder

Vault maps used:
D:1:      lightli_arrival_flooded_house, minmay_door_square
D:2:      ashenzari_altar_1, trog_three_pillars_becter
D:3:      corner_web_ring, cheibriados_altar_1, uniq_terence, uniq_robin,
          uniq_grinder

Skill      XL: |  1  2  3 |
---------------+----------+-----
Maces & Flails | 3 |  3.0
Fighting       | |  3.7
Armour         | |  3.7
Shields        | |  3.8

Action                   |  1- 3 |  4- 6 || total
-------------------------+-------+-------++-------
Melee: Flail             |   111 |     7 ||   118
  Eat: Chunk             |     2 |       ||     2
Armor: Scale mail        |    67 |     3 ||    70
Dodge: Dodged            |    42 |       ||    42
Block: Shield            |    55 |     3 ||    58
